 Dungeon Crawl Stone Soup version 0.14.1 (webtiles) character file.

517 Heini the Chopper (level 6, -3/58 HPs)
             Began as a Hill Orc Fighter on Apr 30, 2014.
             Slain by a wyvern (6 damage)
             ... on Level 4 of the Dungeon.
             The game lasted 00:08:24 (3601 turns).

Heini the Chopper (Hill Orc Fighter)                Turns: 3601, Time: 00:08:24

HP  -3/58        AC  9     Str 21      XL: 6   Next: 65%
MP   6/6         EV  5     Int  8      God:
Gold 157         SH 18     Dex 10      Spells:  0 memorised,  5 levels left

rFire  . . .     SeeInvis .     a - +0 war axe
rCold  . . .     Clarity  .     w - +0 chain mail
rNeg   . . .     Conserve .     c - +0 shield
rPois  .         rCorr    .     (no helmet)
rElec  .         rRot     .     (no cloak)
SustAb . .       Spirit   .     (no gloves)
rMut   .         Warding  .     (no boots)
Saprov + . .     Stasis   .     (no amulet)
MR     .....                    (no ring)
                                (no ring)

@: not resistant to hostile enchantments, extremely unstealthy
A: saprovore 1
a: no special abilities


You were on level 4 of the Dungeon.
You were not hungry.

You visited 1 branch of the dungeon, and saw 4 of its levels.

You collected 157 gold pieces.

Inventory:

Hand weapons
 a - a +0,+0 war axe (weapon)
Armour
 b - a +0 scale mail
 c - a +0 shield (worn)
 w - a +0 chain mail (worn)
Comestibles
 d - 2 meat rations
 i - 2 bread rations
 j - a pear
 q - an orange
 t - a choko
 u - a rotting chunk of iguana flesh
Scrolls
 f - a scroll of magic mapping
 m - 2 scrolls of identify
 n - 3 scrolls of amnesia
 p - 2 scrolls of remove curse
 s - a scroll of teleportation
 y - 2 scrolls of fog
Jewellery
 l - an uncursed ring of poison resistance {unknown}
Potions
 e - 3 potions of might
 g - 3 potions of curing
 h - 2 potions of restore abilities {unknown}
 k - 2 potions of heal wounds {unknown}
 o - a potion of degeneration {unknown}
 r - 3 potions of agility {unknown}
 v - 2 potions of resistance {unknown}


   Skills:
 * Level 6.4 Fighting
 * Level 6.9 Axes
 - Level 3.2 Armour
 - Level 3.2 Shields


You had 5 spell levels left.
You didn't know any spells.

Dungeon Overview and Level Annotations

Branches:
Dungeon (4/15)
 Temple: D:4-7

Altars:
Nemelex Xobeh
Vehumet


Innate Abilities, Weirdness & Mutations

You can tolerate rotten meat.


Message History

You slash the wyvern!
The wyvern is almost dead.
You block the wyvern's attack. x2
You hit the wyvern but do no damage.
The wyvern is almost dead.
You block the wyvern's attack.
You closely miss the wyvern.
The wyvern is almost dead.
The wyvern bites you!
* * * LOW HITPOINT WARNING * * *
The wyvern closely misses you.
Your shield prevents you from hitting the wyvern.
The wyvern is almost dead.
You block the wyvern's attack. x2
You hit the wyvern.
The wyvern is almost dead.
The wyvern bites you!
* * * LOW HITPOINT WARNING * * *
The wyvern bites you.
You die...

#.........####>#....[[........
#.#####.######.#..#.##########
#.#...#.(.).........# #
#.#....(####''####..##########
#.#.#..##≈≈≈..≈≈≈##....%%.....
#.#...##≈≈≈≈..≈≈≈≈##..########
..##....##≈≈≈≈≈..≈≈≈≈≈##..##
.......##≈≈≈≈≈≈..≈≈≈≈≈≈##..#
#####.##≈≈≈≈≈≈≈.@≈≈≈≈≈≈≈##.#
......# ≈≈≈≈≈≈≈.D≈≈≈≈≈≈≈≈#.#
####### ≈≈≈≈≈≈..≈≈≈≈≈≈≈ #.#
≈≈≈≈≈#..#≈≈≈≈≈≈ #.#
≈≈≈≈≈.##.≈≈≈≈≈≈ #.# ≈≈≈≈.
.≈≈≈≈≈ #.# ≈≈≈# #≈≈≈≈ #.# ≈≈
≈≈ #.# ### #.#


You could see a wyvern.

Vanquished Creatures
  A big kobold (D:4)
  A worker ant (D:4)
  2 orc wizards (D:4)
  An iguana (D:4)
  Ijyb (D:3)
  Jessica (D:3)
  A hound skeleton (D:4)
  6 adders
  A worm (D:3)
  3 giant geckos
  5 orcs
  3 ball pythons
  9 bats
  11 goblins
  6 hobgoblins
  6 jackals
  10 kobolds
  3 quokkas (D:2)
  5 giant cockroaches
  3 giant newts
  3 rats
82 creatures vanquished.

Notes
Turn   | Place    | Note
--------------------------------------------------------------
     0 | D:1      | Heini, the Hill Orc Fighter, began the quest for the Orb.
     0 | D:1      | Reached XP level 1. HP: 19/19 MP: 1/1
   254 | D:1      | Reached skill level 4 in Fighting
   293 | D:1      | Reached XP level 2. HP: 22/27 MP: 2/2
  1054 | D:2      | Reached XP level 3. HP: 25/34 MP: 3/3
  1172 | D:2      | You fall through a shaft!
  1514 | D:2      | Found a radiant altar of Vehumet.
  1649 | D:2      | Reached XP level 4. HP: 35/41 MP: 4/4
  1712 | D:2      | Reached skill level 5 in Fighting
  2364 | D:3      | Found a sparkling altar of Nemelex Xobeh.
  2370 | D:3      | Noticed Jessica
  2379 | D:3      | Killed Jessica
  2379 | D:3      | Reached XP level 5. HP: 41/48 MP: 5/5
  2388 | D:3      | Noticed Ijyb
  2406 | D:3      | Killed Ijyb
  2406 | D:3      | Reached skill level 5 in Axes
  2875 | D:4      | Reached skill level 6 in Axes
  2875 | D:4      | Reached XP level 6. HP: 50/57 MP: 6/6
  3582 | D:4      | Noticed a wyvern
  3601 | D:4      | Slain by a wyvern

Action                   |  1- 3 |  4- 6 || total
-------------------------+-------+-------++-------
Melee: War axe           |   119 |   187 ||   306
  Use: Scroll            |     4 |     5 ||     9
